 Dungeon Crawl Stone Soup version 0.32-a0-131-g9dbbe29261 (webtiles) character file.

Game seed: 1366417737127382011

39 olourkin the Conjurer (level 3, -6/19 HPs)
             Began as a Tengu Hedge Wizard on Feb 9, 2024.
             Killed from afar by an orc wizard (8 damage)
             ... with a magic dart
             ... on level 2 of the Dungeon.
             The game lasted 00:07:20 (1714 turns).

olourkin the Conjurer (Tengu Hedge Wizard)          Turns: 1714, Time: 00:07:20

Health: -6/19      AC:  2    Str: 10    XL:     3   Next: 45%
Magic:  3/8        EV: 27    Int: 16    God:
Gold:   52         SH:  0    Dex: 13    Spells: 7/8 levels left

rFire   . . .        h - +0 dagger (venom)
rCold   . . .        (no shield)
rNeg    . . .        b - +0 robe
rPois   .            c - +0 hat
rElec   .            (no cloak)
rCorr   .            (no gloves)
SInv    .            (boots unavailable)
Will    .....        (no amulet)
Stlth   +            (no ring)
HPRegen 0.23/turn    (no ring)
MPRegen 0.11/turn

%: acrobat
@: confused, acrobatic
A: beak, talons 3, acrobatic
a: no special abilities


You were on level 2 of the Dungeon.
You visited 1 branch of the dungeon, and saw 2 of its levels.

You collected 52 gold pieces.

Inventory:

Hand Weapons
 h - a +0 dagger of venom (weapon)
Missiles
 g - 18 stones
 k - 2 poisoned darts
Armour
 b - a +0 robe (worn)
 c - a +0 hat (worn)
Wands
 p - a wand of charming (12)
Scrolls
 a - a scroll of vulnerability {unknown}
 e - a scroll of enchant armour {unknown}
 f - a scroll of noise {unknown}
 l - a scroll of immolation {unknown}
 o - a scroll of revelation {unknown}
 q - a scroll of teleportation {unknown}
Potions
 d - a potion of magic
 i - 2 potions of attraction {unknown}
 j - a potion of resistance {unknown}
 m - 3 potions of brilliance {unknown}
 n - 3 potions of enlightenment {unknown}


   Skills:
 - Level 2.1 Dodging
 - Level 2.0 Stealth
 - Level 3.0 Spellcasting
 + Level 4.4 Conjurations
 - Level 1.2 Summonings
 - Level 0.7 Translocations


You had 7 spell levels left.
You knew the following spells:

 Your Spells              Type           Power      Damage    Failure   Level
a - Magic Dart            Conj           64%        1d6       3%          1

Your spell library contained the following spells:

 Spells                   Type           Power      Damage    Failure   Level
 Call Imp                 Summ           12%        N/A       17%         2
 Slow                     Hex            8%         N/A       19%         1
 Blink                    Tloc           8%         N/A       22%         2
 Cigotuvi's Dreadful Rot  Necr/Alch/Air  4%         N/A       28%         2
 Mephitic Cloud           Conj/Alch/Air  7%         N/A       30%         3


Dungeon Overview and Level Annotations

Branches:
Dungeon (2/15)

Altars:


Innate Abilities, Weirdness & Mutations

You have a beak for a mouth.
You have claws for feet.
You can magically evade attacks while moving or waiting.


Message History

The orc wizard misses you.
You hit the orc wizard.
The orc wizard is poisoned.
The orc wizard is almost dead.
The orc wizard gestures at you while chanting.
The magic dart hits you!
Ouch! That really hurt!
* * * LOW HITPOINT WARNING * * *
Okay, then.
Casting: Magic Dart (safe; 3% risk of failure)
Confirm with . or Enter, or press ? or * to list all spells.
Aiming: Magic Dart (safe; 3% risk of failure)
Press: ? - help, Shift-Dir - straight line, f - orc, p - orc wizard
Aim: an orc, wielding a +0 whip and quivering boomerangs (lightly wounded, 100% to hit)
The magic dart hits the orc.
The orc is almost dead.
The orc closely misses you.
The orc wizard hits you with a +0 dagger.
* * * LOW HITPOINT WARNING * * *
Casting: Magic Dart (safe; 3% risk of failure)
Confirm with . or Enter, or press ? or * to list all spells.
Aiming: Magic Dart (safe; 3% risk of failure)
Press: ? - help, Shift-Dir - straight line, f/p - orc
Aim: an orc, wielding a +0 whip and quivering boomerangs (severely wounded, 100% to hit)
The magic dart hits the orc.
You kill the orc!
The orc wizard closely misses you.
Casting: Magic Dart (safe; 3% risk of failure)
Confirm with . or Enter, or press ? or * to list all spells.
Aiming: Magic Dart (safe; 3% risk of failure)
Press: ? - help, Shift-Dir - straight line, f - orc wizard
Aim: an orc wizard, wielding a +0 dagger and wearing a +0 robe (almost dead, very poisoned, 100% to hit)
The magic dart hits the orc wizard but does no damage.
The orc wizard is almost dead.
The orc wizard gestures at you while chanting.
You are confused.
A hobgoblin comes into view.
The hobgoblin shouts!
You hear a shout!
The orc wizard gestures at you while chanting.
The magic dart hits you!
You die...

##..........####.........
.........................
#.........#########....
#.........#............
##.#..................
#....###..............
#.##.####............. #
#.o# ##............
##@####............
#.................
#....#............
#...##...#..........
......####....#.......
........# ##...........#
o...)....##.......#.##.#
..o..g..............##.#
.........##.............


You could see an orc wizard (very poisoned) and a hobgoblin.

Vanquished Creatures
  An orc (D:2)
  3 endoplasms (D:1)
  A giant cockroach (D:1)
  6 goblins
  4 hobgoblins (D:1)
  3 jackals (D:1)
  2 quokkas (D:1)
  3 ball pythons (D:1)
  3 bats (D:1)
  2 kobolds (D:1)
  4 rats
32 creatures vanquished.

Notes
Turn   | Place    | Note
-------+----------+-------------------------------------------
     0 | D:1      | olourkin the Tengu Hedge Wizard began the quest for the
                  | Orb.
     0 | D:1      | Reached XP level 1. HP: 10/10 MP: 5/5
   142 | D:1      | Reached skill level 2 in Conjurations
   369 | D:1      | Reached XP level 2. HP: 15/15 MP: 0/7
   533 | D:1      | Reached skill level 3 in Conjurations
   929 | D:1      | Reached XP level 3. HP: 19/19 MP: 4/8
  1013 | D:1      | Reached skill level 4 in Conjurations
  1714 | D:2      | Killed from afar by an orc wizard

Illustrated notes

Levels and vault maps discovered:
D:1:      ncdulo_lavacross, layout_basic, minmay_misc_feat_four_crosses,
          minmay_misc_feat_rows
D:2:      layout_rooms, ebering_ecumenical_altar_hall, uniq_robin

Skill      XL: |  1  2  3 |
---------------+----------+-----
Conjurations   | 2 3 4 |  4.4
Dodging        | |  2.1
Stealth        | |  2.0
Spellcasting   | |  3.0
Summonings     | |  1.2
Translocations | |  0.7

Action                     || total
---------------------------++-------
  Melee: Dagger            ||    14
         Peck              ||     2
         Kick              ||     1
   Cast: Magic Dart        ||    70
 Armour: Robe              ||     8
  Dodge: Dodged            ||    13

Table legend: (Time is in decaauts)
 A = Elapsed time spent in this place.
 B = Non-inter-level travel time spent in this place.
 C = Inter-level travel time spent in this place.
 D = Time resting spent in this place.
 E = Time spent auto-exploring this place.
 F = Levels seen in this place.
 G = Mean time per level.
                   A        B        C        D        E       F      G
               +--------+--------+--------+--------+--------+-----+--------+
         Total |   1712 |   1676 |     36 |    563 |    879 |   2 |  856.0 |
       Dungeon |   1712 |   1676 |     36 |    563 |    879 |   2 |  856.0 |
               +--------+--------+--------+--------+--------+-----+--------+

Top non-repeatable levels by time:
     D:1: 1553 daAuts
     D:2: 159 daAuts
